 Dungeon Crawl Stone Soup version 0.27-a0-1381-g81fdcbfb23 (console) character file.

Game seed: 12906843990772150570

6882 Hector the Cleaver (level 11, -7/80 (82) HPs)
             Began as a Formicid Fighter on June 30, 2021.
             Was an Initiate of Gozag.
             Mangled by a phantasmal warrior (27 damage)
             ... led by a death knight
             ... on level 9 of the Dungeon.
             The game lasted 00:36:01 (12239 turns).

Hector the Cleaver (Formicid Fighter)              Turns: 12239, Time: 00:36:02

HP:   -7/80 (82)    AC: 15    Str: 24    XL:     11   Next: 26%
MP:   11/11         EV:  9    Int:  8    God:    Gozag
Gold: 910           SH: 12    Dex: 16    Spells: 10/10 levels left

rFire    . . .     SeeInvis +   a - +3 war axe (freeze)
rCold    . . .     Faith    .   i - +1 kite shield
rNeg     . . .     Spirit   .   d - +4 chain mail
rPois    .         Reflect  .   (helmet unavailable)
rElec    .         Harm     .   (no cloak)
rCorr    .         Rampage  .   g - +0 pair of gloves
Will     .....                  (no boots)
Stlth    ..........             m - amulet of the acrobat
HPRegen  0.23/turn              n - +6 ring of dexterity
MPRegen  0.12/turn              (no ring)

@: mighty, brilliant, weak-willed, lightly drained
A: permanent stasis, dig shafts and tunnels, antennae 3, four strong arms
a: Dig, Shaft Self, Renounce Religion, Potion Petition, Call Merchant, Bribe
Branch


You were on level 9 of the Dungeon.
You worshipped Gozag.
Gozag was pleased with you.
You visited 2 branches of the dungeon, and saw 10 of its levels.

You collected 1782 gold pieces.
You spent 247 gold pieces at shops.
You paid 625 gold pieces to Gozag.

Inventory:

Hand Weapons
 a - a +3 war axe of freezing (weapon)
 y - a +1 whip of electrocution
 F - a +0 vorpal war axe
 G - a +0 battleaxe
 I - a +3 spear of venom
 N - a +3 scimitar of flaming
 P - a +1 vorpal war axe
Missiles
 o - 8 boomerangs
 t - 53 poisoned darts
 z - 307 stones
 J - 6 curare-tipped darts
 K - a throwing net
Armour
 b - a +0 scale mail
 d - a +4 chain mail (worn)
 g - a +0 pair of gloves (worn)
 i - a +1 kite shield (worn)
 q - a +0 chain mail
 B - the +0 pair of gloves of Honesty {*Corrode Int+5}
   (You bought it in a shop on level 4 of the Dungeon)

   Int:       It affects your intelligence (+5).
   *Corrode:  It may corrode you when you take damage.
Magical Staves
 e - a staff of fire
Jewellery
 m - an amulet of the acrobat (around neck)
 n - a +6 ring of dexterity (left hand)
Wands
 A - a wand of iceblast (11)
 C - a wand of flame (36)
 L - a wand of mindburst (12)
 O - a wand of paralysis (7)
Scrolls
 l - 2 scrolls of magic mapping
 p - a scroll of amnesia
 s - a scroll of enchant armour
 w - 2 scrolls of enchant weapon
 E - 2 scrolls of holy word
Potions
 f - 6 potions of curing
 h - 5 potions of heal wounds
 j - 2 potions of cancellation
 k - 2 potions of flight
 r - 2 potions of ambrosia
 u - a potion of mutation
 v - a potion of attraction {unknown}
 D - a potion of haste {unknown}
 H - 2 potions of brilliance
 M - a potion of might


   Skills:
 + Level 6.3 Fighting
 * Level 13.1 Axes
 + Level 7.1 Armour
 + Level 2.1 Dodging
 + Level 7.5 Shields


You had 10 spell levels left.
You didn't know any spells.
Your spell library contained the following spells:

 Spells                   Type           Power      Damage    Failure   Level
 Beastly Appendage        Tmut           0%         N/A       98%         1
 Summon Small Mammal      Summ           0%         N/A       98%         1
 Call Imp                 Summ           0%         N/A       99%         2
 Wereblood                Tmut           0%         N/A       99%         2
 Call Canine Familiar     Summ           0%         N/A       100%        3
 Spider Form              Tmut/Pois      0%         N/A       100%        3
 Summon Guardian Golem    Hex/Summ       0%         N/A       100%        3
 Ice Form                 Ice/Tmut       0%         N/A       100%        4
 Summon Ice Beast         Ice/Summ       0%         N/A       100%        4
 Summon Lightning Spire   Summ/Air       0%         N/A       100%        4


Dungeon Overview and Level Annotations

Branches:
Dungeon (9/15)             Temple (1/1) D:4             Orc (0/2) D:9
   Lair: D:8-11

Altars:
Ashenzari
Cheibriados
Dithmenos
Elyvilon
Fedhas
Gozag
Hepliaklqana
Kikubaaqudgha
Makhleb
Nemelex Xobeh
Okawaru
Qazlal
Ru
Sif Muna
Trog
Uskayaw
Vehumet
Xom
Yredelemnul
Zin
The Shining One

Shops:
D:4 [   D:6 (   D:9 [

Annotations:
D:3 2 runed translucent doors, Conn's ghost, amateur OpFE
D:4 Edmund
D:6 2 transporters, nj0rd12's ghost, novice MiFi


Innate Abilities, Weirdness & Mutations

You cannot be hasted, slowed, berserked, paralysed or teleported.
You can dig through walls and to a lower floor.
You have a pair of large antennae on your head. (SInv)
Your four strong arms can wield two-handed weapons with a shield.


Message History

[a] - 273 gold - might, brilliance and heal wounds [b] - 364 gold - resistance and might [c] - 273 gold - heal wounds and magic Purchase which effect?
You feel very mighty all of a sudden.
You feel clever all of a sudden.
You feel much better.
The wight is no longer distracted by gold.
The death knight is no longer distracted by gold.
The phantasmal warrior hits you!!
You are too injured to fight recklessly!
You are too injured to fight recklessly!
You slash the death knight! You freeze the death knight.
The death knight is lightly wounded.
You hit the phantasmal warrior.
The phantasmal warrior blinks!
You slash the death knight! You freeze the death knight.
The death knight is moderately wounded.
You hit the phantasmal warrior.
The phantasmal warrior hits you but does no damage.
You block the death knight's attack.
The phantasmal warrior blinks!
You closely miss the death knight.
The death knight is moderately wounded.
You hit the phantasmal warrior. You freeze the phantasmal warrior.
The phantasmal warrior hits you!
* * * LOW HITPOINT WARNING * * *
You block the death knight's attack.
You slice the death knight!! You freeze the death knight!
The death knight is severely wounded.
You barely miss the phantasmal warrior.
You block the phantasmal warrior's attack.
The death knight offers itself to Yredelemnul, and fills with unholy energy.
You hit the death knight. You freeze the death knight.
The death knight is almost dead.
You hit the phantasmal warrior but do no damage.
You slash the phantasmal warrior! You freeze the phantasmal warrior.
The death knight reflects your damage back at you!
* * * LOW HITPOINT WARNING * * *
You block the phantasmal warrior's attack.
The phantasmal warrior hits you!!
You die...
Your body crumbles into a pile of gold.

###### #.############
.#.....## ##.####.#
.........## ##.....⌠##
..........# #..≈≈≈..########
..........###.≈≈≈≈§§#......#
..........##..≈≈≈≈≈∩#......#
.§........##..≈≈≈≈≈.#......#
.........z##W..≈§≈..#......#
........Zzp@W#..§..⌠#......#
......$..#######.####.......
..#.......#####............#
#######......####.#...∩..#
######......#....... ######
#####....<..... #....#
#.####......... #....#
######..............
#....######.......###.........


You could see a death knight (reflects damage), a skeletal warrior, 2 phantasmal
warriors, a wight and a centaur warrior zombie.

Vanquished Creatures
  Erica (D:8)
  Pikel (D:6)
  Joseph (D:8)
  A troll (D:9)
  Prince Ribbit (D:5)
  2 shadows (D:9)
  8 yaks (D:9)
  A black bear (D:6)
  5 water moccasins
  2 sky beasts
  An orc warrior (D:8)
  An ice beast (D:6)
  An ogre (D:4)
  3 centaurs
  A necrophage (D:7)
  2 lemures (D:6)
  Blork the orc (D:6)
  4 kobold brigands
  A bullfrog (D:8)
  6 scorpions
  A gnoll sergeant (D:7)
  A wyvern zombie (D:6)
  2 water moccasin skeletons
  4 wights (D:9)
  3 killer bees (D:8)
  A howler monkey (D:6)
  2 electric eels (D:8)
  2 jellies
  2 bullfrog zombies
  2 orc priests (D:3)
  2 bullfrog skeletons
  2 gnoll shamans
  An iguana (D:4)
  3 orc wizards
  A killer bee zombie (D:6)
  A hound skeleton (D:4)
  10 gnolls
  16 adders
  2 white imps
  2 ufetubi
  An adder skeleton (D:4)
  2 worms
  2 dart slugs
  17 orcs
  5 endoplasms
  5 giant cockroaches
  14 goblins
  11 hobgoblins
  8 jackals
  A quokka (D:4)
  6 ball pythons
  2 bats (D:2)
  A frilled lizard (D:2)
  28 kobolds
  6 rats
  A spectral orc (D:6)
214 creatures vanquished.

Vanquished Creatures (others)
  4 plants (D:8)
4 creatures vanquished.

Grand Total: 218 creatures vanquished

Notes
Turn   | Place    | Note
-------+----------+-------------------------------------------
     0 | D:1      | Hector the Formicid Fighter began the quest for the Orb.
     0 | D:1      | Reached XP level 1. HP: 18/18 MP: 1/1
   235 | D:1      | Reached XP level 2. HP: 24/24 MP: 2/2
   369 | D:1      | Reached skill level 3 in Axes
   428 | D:1      | Reached XP level 3. HP: 29/29 MP: 3/3
   745 | D:1      | You fall into a shaft and drop 1 floor!
   815 | D:2      | Found a faded altar of an unknown god.
   822 | D:2      | Became a worshipper of Gozag Ym Sagoz the Greedy
   945 | D:2      | Reached skill level 4 in Axes
   945 | D:2      | Reached XP level 4. HP: 29/35 MP: 4/4
  1897 | D:2      | Reached XP level 5. HP: 39/41 MP: 5/5
  2018 | D:3      | Noticed a sky beast
  2082 | D:3      | Found a runed translucent door.
  2084 | D:3      | Noticed Conn's ghost (amateur OpFE)
  2098 | D:3      | Found a runed translucent door.
  2177 | D:3      | Reached skill level 5 in Axes
  2470 | D:3      | Killed a sky beast
  2471 | D:3      | Reached XP level 6. HP: 22/47 MP: 6/6
  2668 | D:3      | Reached skill level 6 in Axes
  3599 | D:3      | Reached XP level 7. HP: 39/52 MP: 7/7
  3913 | D:4      | Reached skill level 7 in Axes
  4102 | D:4      | Found a staircase to the Ecumenical Temple.
  4111 | Temple   | Entered the Ecumenical Temple
  4334 | D:4      | Found Emenulla's Antique Armour Shoppe.
  4547 | D:4      | Reached skill level 1 in Dodging
  4547 | D:4      | Reached XP level 8. HP: 53/60 MP: 8/8
  4664 | D:4      | Reached skill level 8 in Axes
  4755 | D:4      | Noticed Edmund
  4894 | D:4      | Bought a pair of jewelled gloves for 247 gold pieces
  4894 | D:4      | Identified the +0 pair of gloves of Honesty {*Corrode
                  | Int+5} (You bought it in a shop on level 4 of the Dungeon)
  5202 | D:5      | Entered Level 5 of the Dungeon
  5574 | D:5      | Reached skill level 5 in Armour
  6109 | D:5      | Found a snail-covered altar of Cheibriados.
  6109 | D:5      | Found a shimmering blue altar of Sif Muna.
  6165 | D:5      | Noticed Prince Ribbit
  6185 | D:5      | Killed Prince Ribbit
  6186 | D:5      | Reached skill level 9 in Axes
  6186 | D:5      | Reached skill level 5 in Shields
  6186 | D:5      | Reached XP level 9. HP: 66/66 MP: 9/9
  6824 | D:6      | Noticed nj0rd12's ghost (novice MiFi)
  6897 | D:6      | Found Jegitol's Antique Weapon Boutique.
  6901 | D:6      | Found a shadowy altar of Dithmenos.
  6902 | D:6      | Noticed Blork the orc
  6945 | D:6      | Killed Blork the orc
  7054 | D:6      | Noticed Pikel
  7088 | D:6      | Killed Pikel
  7089 | D:6      | Reached skill level 5 in Fighting
  7089 | D:6      | Reached skill level 10 in Axes
  7555 | D:6      | Found a transporter.
  7756 | D:6      | Found a transporter.
  7796 | D:6      | Reached XP level 10. HP: 67/74 MP: 10/10
  7949 | D:6      | Found a basalt altar of Yredelemnul.
  8286 | D:7      | Reached skill level 11 in Axes
  8635 | D:7      | Identified the +0 helmet "Jaethrik" {Contam rElec Str+8}
 10110 | D:8      | Noticed Joseph
 10132 | D:8      | Killed Joseph
 10380 | D:8      | Found a shimmering altar of Xom.
 10979 | D:8      | Noticed Erica
 11016 | D:8      | Killed Erica
 11017 | D:8      | Reached skill level 12 in Axes
 11430 | D:9      | Reached XP level 11. HP: 69/81 MP: 11/11
 11528 | D:9      | Found a sparkling altar of Nemelex Xobeh.
 11528 | D:9      | Found a hide-covered altar of Uskayaw.
 11547 | D:9      | Found a stormy altar of Qazlal.
 11744 | D:9      | Reached skill level 13 in Axes
 11933 | D:9      | Found Dugeur's Armour Emporium.
 12152 | D:9      | Found a staircase to the Orcish Mines.
 12218 | D:9      | Noticed a skeletal warrior
 12219 | D:9      | Noticed a death knight
 12219 | D:9      | Noticed a phantasmal warrior
 12220 | D:9      | Noticed a phantasmal warrior
 12239 | D:9      | Mangled by a phantasmal warrior

Illustrated notes

Levels and vault maps discovered:
D:1:      minmay_arrival_open_corners, layout_basic
D:2:      layout_basic, basic_ecumenical_altar
D:3:      layout_rooms, ebering_ghost_sewer_f, minmay_liquid_box,
          minmay_misc_feat_iff, grunt_decor_mini_mirrors
D:4:      kennysheep_six_static_rooms, layout_loops_ring,
          lemuel_temple_firewalk_b, serial_shops, nicolae_shop_trees,
          minivault_26, kennysheep_nub, uniq_edmund
D:5:      layout_loops_corners, chequers_temple_overflow_statue_of_worship,
          small_statue_intersection, uniq_prince_ribbit1
D:6:      layout_rooms, yredelemnul_forgotten_temple_becter,
          overflow_temple_1_default, gammafunk_ghost_stat_death, serial_shops,
          shop_statue, uniq_blork_the_orc, uniq_pikel
D:7:      layout_loops_ring, minmay_misc_feat_cross
D:8:      layout_rooms, old_standard_altar, serial_bayou_pond_b, uniq_joseph,
          uniq_erica
D:9:      layout_rooms, overflow_temple_1_default, minitemple, orc_0_dummy,
          serial_shops, nicolae_lakefront_shop, abandoned_shop
Temple:   dshaligram_water_room_temple

Skill      XL: |  1  2  3  4  5  6  7  8  9 10 11 |
---------------+----------------------------------+-----
Axes           | 3 4 5 6 7 9 10 12 13 | 13.1
Armour         | 4 5 6 7 |  7.1
Shields        | 4 5 6 7 |  7.5
Dodging        | 1 2 |  2.1
Fighting       | 4 5 6 |  6.3

Action                   |  1- 3 |  4- 6 |  7- 9 | 10-12 || total
-------------------------+-------+-------+-------+-------++-------
Melee: War axe           |    81 |   167 |   246 |   331 ||   825
Invok: Potion Petition   |       |     1 |       |     1 ||     2
 Abil: Dig               |     1 |    11 |     4 |    14 ||    30
Evoke: Wand              |       |       |     4 |       ||     4
  Use: Scroll            |       |       |    18 |     4 ||    22
       Potion            |       |       |       |     4 ||     4
 Stab: Distracted        |       |       |       |     1 ||     1
Armor: Scale mail        |    41 |    31 |     5 |       ||    77
       Chain mail        |       |       |    74 |    67 ||   141
Dodge: Dodged            |    38 |    45 |    74 |    79 ||   236
Block: Kite shield       |    45 |    86 |   137 |   152 ||   420

Table legend: (Time is in decaauts)
 A = Elapsed time spent in this place.
 B = Non-inter-level travel time spent in this place.
 C = Inter-level travel time spent in this place.
 D = Time resting spent in this place.
 E = Time spent auto-exploring this place.
 F = Levels seen in this place.
 G = Mean time per level.
                   A        B        C        D        E       F      G
               +--------+--------+--------+--------+--------+-----+--------+
         Total |  12422 |  11685 |    737 |   2401 |   6036 |  10 | 1242.2 |
       Dungeon |  12289 |  11574 |    715 |   2401 |   5927 |   9 | 1365.4 |
        Temple |    132 |    110 |     22 |      0 |    109 |   1 |  132.0 |
               +--------+--------+--------+--------+--------+-----+--------+

Top non-repeatable levels by time:
     D:3: 1741 daAuts
     D:7: 1607 daAuts
     D:8: 1572 daAuts
     D:4: 1517 daAuts
     D:5: 1465 daAuts
     D:6: 1388 daAuts
     D:2: 1203 daAuts
     D:1: 924 daAuts
     D:9: 869 daAuts
  Temple: 132 daAuts
